 Dungeon Crawl Stone Soup version 0.29-a0-284-gf9362112df (webtiles) character file.

Game seed: 6208893867724960234

2725 bande the Chopper (level 9, -5/55 HPs)
             Began as a Gargoyle Fighter on Mar 27, 2022.
             Was a Priest of Okawaru.
             Engulfed by a steam dragon's steam (11 damage)
             ... on level 7 of the Dungeon.
             The game lasted 00:15:09 (7074 turns).

bande the Chopper (Gargoyle Fighter)                Turns: 7074, Time: 00:15:09

Health: -5/55      AC: 20    Str: 22    XL:     9   Next: 67%
Magic:  12/12      EV:  7    Int: 10    God:    Okawaru [***...]
Gold:   591        SH:  0    Dex: 13    Spells: 8/8 levels left

rFire   . . .      SeeInvis .   a - +1 war axe (vorpal)
rCold   . . .      Faith    .   c - +0 buckler
rNeg    + + .      Spirit   .   n - +0 chain mail
rPois   ∞          Reflect  .   s - +0 helmet of Heac Xid {Rampage rN+ Regen+ Str+3}
rElec   +          Harm     .   (no cloak)
rCorr   .          Rampage  +   k - +0 pair of gloves
Will    .....                   j - +0 pair of boots
Stlth   ..........              (no amulet)
HPRegen 0.98/turn               (no ring)
MPRegen 0.13/turn               (no ring)

@: confused, ambrosia-drunk
A: sickness immunity, AC +6, negative energy resistance 1, electricity
resistance, torment resistance 1, petrification resistance
a: Renounce Religion, Heroism


You were on level 7 of the Dungeon.
You worshipped Okawaru.
Okawaru was most pleased with you.
You visited 1 branch of the dungeon, and saw 7 of its levels.

You collected 811 gold pieces.
You spent 220 gold pieces at shops.

Inventory:

Hand Weapons
 a - a +1 vorpal war axe (weapon)
 w - a +2 mace of protection
Armour
 c - a +0 buckler (worn)
 j - a +0 pair of boots (worn)
 k - a +0 pair of gloves (worn)
 n - a +0 chain mail (worn)
 s - the +0 helmet of Heac Xid (worn) {Rampage rN+ Regen+ Str+3}
   (You bought it in a shop on level 4 of the Dungeon)

   Str:       It affects your strength (+3).
   rN:        It protects you from negative energy.
   Regen:     It increases your rate of health regeneration.
   Rampage:   It bestows one free step when moving towards enemies.
 t - a +2 hat
Jewellery
 m - a ring of magical power
 o - a ring of magical power
 v - an amulet of faith
Wands
 r - a wand of paralysis (3)
 u - a wand of polymorph (3)
Scrolls
 b - 2 scrolls of fear
 e - 3 scrolls of identify
 g - 2 scrolls of magic mapping
 p - a scroll of brand weapon
Potions
 d - a potion of flight
 l - a potion of resistance
 q - a potion of haste


   Skills:
 + Level 5.8 Fighting
 + Level 7.4 Axes
 + Level 6.9 Armour
 - Level 0.1 Dodging
 * Level 6.5 Shields
 * Level 4.9 Invocations
 * Level 1.9 Evocations


You had 8 spell levels left.
You didn't know any spells.
Your spell library contained the following spells:

 Spells                   Type           Power      Damage    Failure   Level
 Magic Dart               Conj           0%         1d3       98%         1
 Corpse Rot               Necr/Air       0%         N/A       99%         2
 Poisonous Vapours        Pois/Air       0%         N/A       99%         2
 Mephitic Cloud           Conj/Pois/Air  0%         N/A       100%        3
 Anguish                  Hex/Necr       0%         N/A       100%        4
 Enfeeble                 Hex            0%         N/A       100%        7
 Call Imp                 Summ           Unusable   N/A       N/A         2
 Tukima's Dance           Hex            Unusable   N/A       N/A         3

Dungeon Overview and Level Annotations

Branches:
Dungeon (7/15)             Temple (0/1) D:6

Altars:
Dithmenos
Fedhas
Okawaru
Ru

Shops:
D:4 [   D:6 =


Innate Abilities, Weirdness & Mutations

You are immune to sickness and miasma.
Your stone body is resilient. (AC +6)
You are immune to poison.
You resist negative energy. (rN+)
You are resistant to electric shocks. (rElec)
You are resistant to unholy torment.
You are immune to petrification.


Message History

You feel better.
You are engulfed in a cloud of scalding steam.
* * * LOW HITPOINT WARNING * * *
The steam dragon closely misses you. You block the steam dragon's attack.
You barely miss the steam dragon.
The steam dragon is lightly wounded.
The steam dragon bites you but does no damage.
The steam dragon barely misses you.
You barely miss the steam dragon.
The steam dragon is lightly wounded.
The steam dragon breathes steam at you. The ball of steam misses you.
The steam dragon barely misses you.
The steam dragon claws you but does no damage.
You hit the steam dragon but do no damage.
The steam dragon is lightly wounded.
You are engulfed in a cloud of scalding steam.
The steam dragon bites you.
* * * LOW HITPOINT WARNING * * *
The steam dragon claws you but does no damage.
Unknown command.
You feel better.
You are engulfed in a cloud of scalding steam.
* * * LOW HITPOINT WARNING * * *
The steam dragon bites you but does no damage.
The steam dragon barely misses you.
You are confused.
You feel invigorated.
You are engulfed in a cloud of scalding steam.
The steam dragon breathes steam at you. The ball of steam hits you.
* * * LOW HITPOINT WARNING * * *
The steam dragon attacks as you move away!
The steam dragon barely misses you. The steam dragon claws you.
* * * LOW HITPOINT WARNING * * *
You are engulfed in a cloud of scalding steam.
* * * LOW HITPOINT WARNING * * *
You closely miss the steam dragon.
The steam dragon is lightly wounded.
You are engulfed in a cloud of scalding steam.
You die...

#......# +......#
##########+####......####
#........................
+........................
#........................
#.....[..................
#...........§............
#....?.D@.$§§§...........
.....$...................
...............#######+##
...............#
...............#
...............#
.............<.+
...............#


You could see a steam dragon.

Vanquished Creatures
  A kobold demonologist (D:7)
  Sigmund (D:2)
  4 water moccasins
  2 ice beasts (D:6)
  2 black bears
  3 ogres
  A kobold brigand (D:5)
  A necrophage (D:4)
  3 scorpions
  3 wights (D:6)
  2 howler monkeys
  An orc priest (D:6)
  6 hounds
  3 jellies
  5 orc wizards
  An iguana (D:5)
  Robin (D:4)
  3 gnolls
  9 adders
  A white imp (D:3)
  2 ufetubi
  2 worms (D:3)
  4 dart slugs
  10 orcs
  11 bats
  2 endoplasms
  4 giant cockroaches
  5 hobgoblins
  2 jackals (D:1)
  4 quokkas
  7 ball pythons
  5 frilled lizards
  15 goblins
  25 kobolds
  8 rats
159 creatures vanquished.

Vanquished Creatures (others)
  75 plants (D:5)
75 creatures vanquished.

Grand Total: 234 creatures vanquished

Notes
Turn   | Place    | Note
-------+----------+-------------------------------------------
     0 | D:1      | bande the Gargoyle Fighter began the quest for the Orb.
     0 | D:1      | Reached XP level 1. HP: 14/14 MP: 1/1
    74 | D:1      | Reached XP level 2. HP: 19/19 MP: 2/2
   251 | D:1      | Found a faded altar of an unknown god.
   435 | D:1      | Reached skill level 2 in Axes
   901 | D:1      | Reached XP level 3. HP: 23/23 MP: 3/3
  1055 | D:2      | Noticed Sigmund
  1071 | D:2      | Killed Sigmund
  1072 | D:2      | Reached skill level 3 in Axes
  1072 | D:2      | Reached XP level 4. HP: 11/29 MP: 4/4
  1072 | D:2      | Reached XP level 5. HP: 13/33 MP: 5/5
  1107 | D:2      | Reached XP level 6. HP: 20/38 MP: 6/6
  1605 | D:2      | Found a sacrificial altar of Ru.
  1960 | D:3      | Reached skill level 4 in Axes
  1964 | D:3      | Found an iron altar of Okawaru.
  1968 | D:3      | Found a shadowy altar of Dithmenos.
  1975 | D:3      | Became a worshipper of Warmaster Okawaru
  2936 | D:4      | Noticed Robin
  2956 | D:4      | Killed Robin
  3187 | D:4      | Reached skill level 1 in Invocations
  3370 | D:4      | Found Lunlyrr's Armour Shop.
  3446 | D:4      | Reached skill level 5 in Armour
  3446 | D:4      | Reached XP level 7. HP: 44/44 MP: 6/8
  3780 | D:4      | Reached * piety under Okawaru
  3904 | D:4      | Reached skill level 5 in Axes
  4496 | D:5      | Entered Level 5 of the Dungeon
  4662 | D:5      | Reached XP level 8. HP: 47/48 MP: 9/9
  4802 | D:5      | Reached ** piety under Okawaru
  4909 | D:5      | Reached skill level 5 in Shields
  5183 | D:5      | Reached skill level 6 in Axes
  5512 | D:5      | Reached skill level 5 in Fighting
  5625 | D:5      | Paralysed by a kobold for 2 turns
  6259 | D:4      | Bought the +0 helmet of Heac Xid {Rampage rN+ Regen+ Str+3}
                  | for 220 gold pieces
  6307 | D:6      | Found Cemam's Jewellery Boutique.
  6311 | D:6      | Reached *** piety under Okawaru
  6312 | D:6      | Reached XP level 9. HP: 53/54 MP: 10/12
  6397 | D:6      | Identified a scroll of acquirement
  6397 | D:6      | Acquired 531 gold pieces
  6454 | D:6      | Found a staircase to the Ecumenical Temple.
  6551 | D:6      | Found a blossoming altar of Fedhas.
  6592 | D:6      | Reached skill level 7 in Axes
  6592 | D:6      | Reached skill level 1 in Evocations
  6969 | D:7      | Noticed a kobold demonologist
  6979 | D:7      | Killed a kobold demonologist
  7073 | D:7      | HP: 1/55 [steam dragon] (10)]
  7074 | D:7      | Engulfed by a steam dragon's steam

Illustrated notes

Levels and vault maps discovered:
D:1:      zelgadis_glass_arrival_small, layout_loops_ring,
          hellmonk_ecumenical_altar_arch_garden, minmay_cut_off
D:2:      layout_loops_cross, basic_altar, uniq_sigmund
D:3:      layout_loops_ring, chequers_temple_overflow_statue_of_worship
D:4:      layout_basic, serial_shops, nicolae_shop_stone, minmay_door_square,
          uniq_robin
D:5:      kennysheep_kobold_camp, layout_loops_ring
D:6:      layout_rooms, fedhas_altar_1, minmay_temple_entry_proselytizer,
          serial_shops, nicolae_stop_n_shop_2, st_stairs_13
D:7:      layout_gridville, kennysheep_generic_room_11

Skill      XL: |  1  2  3  4  5  6  7  8  9 |
---------------+----------------------------+-----
Axes           | 2 3 4 5 6 7 |  7.4
Fighting       | 4 5 |  5.8
Armour         | 4 5 6 |  6.9
Shields        | 4 5 6 |  6.5
Invocations    | 1 2 4 |  4.9
Evocations     | 1 |  1.9
Dodging        | |  0.1

Action                   |  1- 3 |  4- 6 |  7- 9 || total
-------------------------+-------+-------+-------++-------
Melee: War axe           |    60 |   160 |   287 ||   507
  Use: Scroll            |     3 |     6 |    10 ||    19
       Potion            |     1 |       |     3 ||     4
 Stab: Invisible         |       |       |     3 ||     3
Armor: Scale mail        |    42 |   128 |       ||   170
       Chain mail        |       |     5 |   209 ||   214
Dodge: Dodged            |    46 |    90 |   112 ||   248
Block: Buckler           |    15 |    30 |    83 ||   128

Table legend: (Time is in decaauts)
 A = Elapsed time spent in this place.
 B = Non-inter-level travel time spent in this place.
 C = Inter-level travel time spent in this place.
 D = Time resting spent in this place.
 E = Time spent auto-exploring this place.
 F = Levels seen in this place.
 G = Mean time per level.
                   A        B        C        D        E       F      G
               +--------+--------+--------+--------+--------+-----+--------+
         Total |   7224 |   7063 |    161 |   1015 |   4488 |   7 | 1032.0 |
       Dungeon |   7224 |   7063 |    161 |   1015 |   4488 |   7 | 1032.0 |
               +--------+--------+--------+--------+--------+-----+--------+

Top non-repeatable levels by time:
     D:4: 1769 daAuts
     D:5: 1487 daAuts
     D:1: 1029 daAuts
     D:2: 962 daAuts
     D:3: 958 daAuts
     D:6: 884 daAuts
     D:7: 133 daAuts
